 Dungeon Crawl Stone Soup version 0.24-a0-412-ge138f7edaf (webtiles) character file.

Game seed: 7115239718780233492

107 KristoblXynda the Ruffian (level 4, 0/39 HPs)
             Began as a Troll Wizard on June 6, 2019.
             Slain by Grinder (6 damage)
             ... on level 4 of the Dungeon.
             The game lasted 00:02:46 (1279 turns).

KristoblXynda the Ruffian (Troll Wizard)            Turns: 1279, Time: 00:02:47

Health: 0/39       AC:  6    Str: 14 (15) XL:     4   Next: 56%
Magic:  7/7        EV:  9    Int: 13 (15) God:
Gold:   34         SH:  0    Dex:  5 (8)  Spells: 7/8 levels left

rFire    . . .     SeeInvis .     - Unarmed
rCold    . . .     Gourm    +   (no shield)
rNeg     . . .     Faith    .   a - +0 robe
rPois    .         Spirit   .   b - +0 hat
rElec    .         Reflect  .   (no cloak)
rCorr    .         Harm     .   (gloves unavailable)
MR       .....     Rnd*Tele +   (boots unavailable)
Stlth    +.........             (no amulet)
HPRegen  0.53/turn              l - ring of teleportation (curse)
MPRegen  0.10/turn              (no ring)

@: no status effects
A: large, unfitting armour, claws 3, fast metabolism 3, gourmand, regeneration
1, shaggy fur 1, tough skin 3
a: no special abilities


You were on level 4 of the Dungeon.
You were completely stuffed.

You visited 1 branch of the dungeon, and saw 3 of its levels.

You collected 34 gold pieces.

Inventory:

Missiles
 k - 8 poisoned darts (quivered)
Armour
 a - a +0 robe (worn)
 b - a +0 hat (worn)
Jewellery
 l - a cursed ring of teleportation (left claw)
Scrolls
 c - a scroll of magic mapping {unknown}
 f - 4 scrolls of identify {unknown}
 h - 2 scrolls of teleportation {unknown}
 i - a scroll of amnesia {unknown}
Comestibles
 d - 5 rations
 j - 5 chunks of flesh


   Skills:
 - Level 1.5 Dodging
 - Level 1.0 Stealth
 + Level 2.9 Unarmed Combat
 + Level 2.8 Spellcasting
 - Level 0.6 Conjurations
   Level 0.6 Summonings
   Level 0.6 Translocations


You had 7 spell levels left.
You knew the following spells:

 Your Spells              Type           Power        Failure   Level  Hunger
a - Magic Dart            Conj           #...         19%         1    #......

Your spell library contained the following spells:

 Spells                   Type           Power        Failure   Level  Hunger
 Blink                    Tloc           N/A          28%         2    ###....
 Call Imp                 Summ           #.......     28%         2    ###....
 Slow                     Hex            #.......     34%         2    ###....
 Conjure Flame            Conj/Fire      #.......     52%         3    ###....
 Mephitic Cloud           Conj/Pois/Air  #.......     54%         3    ###....


Dungeon Overview and Level Annotations

Branches:
Dungeon (2/15)

Altars:

Annotations:
D:4 Grinder


Innate Abilities, Weirdness & Mutations

You are too large for most types of armour.
You have claws for hands.
Your metabolism is lightning-fast.
You like to eat raw meat.
Your natural rate of healing is unusually fast.
You are covered in fur. (AC +1)
You have extremely tough skin. (AC +3)


Message History

You scratch Grinder.
Grinder is almost dead.
Grinder gestures at you.
You suddenly lose the ability to move!
Grinder hits you.
* * * LOW HITPOINT WARNING * * *
You writhe in agony.
* * * LOW HITPOINT WARNING * * *
A hound comes into view.
Grinder hits you but does no damage.
You can move again.
You barely miss Grinder.
Grinder is almost dead.
The hound barks!
Grinder gestures at you. You resist with significant effort.
You barely miss Grinder.
Grinder is almost dead.
Grinder hits you.
You die...

.... #.....
.... ....(.
.#.#.
###.....
....##..h..#
#.........#
#.........#
#........#
#....@5..#
###......#
#......#
#......#
#......#
#.[....#
########


You could see Grinder and a hound.

Vanquished Creatures
  A jelly (D:2)
  A bullfrog skeleton (D:4)
  An adder (D:2)
  A worm (D:2)
  2 dart slugs
  3 leopard geckos
  3 bats
  3 giant cockroaches
  3 goblins
  2 hobgoblins
  A quokka (D:2)
  A frilled lizard (D:2)
  4 kobolds
  3 rats
29 creatures vanquished.

Notes
Turn   | Place    | Note
-------+----------+-------------------------------------------
     0 | D:1      | KristoblXynda the Troll Wizard began the quest for the Orb.
     0 | D:1      | Reached XP level 1. HP: 16/16 MP: 2/2
   228 | D:1      | Reached skill level 1 in Unarmed Combat
   241 | D:1      | Reached XP level 2. HP: 24/24 MP: 4/4
   925 | D:2      | Reached XP level 3. HP: 19/31 MP: 5/5
  1153 | D:2      | Reached XP level 4. HP: 16/39 MP: 6/6
  1253 | D:2      | You fall into a shaft and drop 2 floors!
  1254 | D:4      | Noticed Grinder
  1259 | D:4      | Paralysed by Grinder for 3 turns
  1275 | D:4      | Paralysed by Grinder for 2 turns
  1279 | D:4      | Slain by Grinder

Levels and vault maps discovered:
D:1:      minmay_arrival_loop, layout_basic
D:2:      layout_rooms, first_ration
D:4:      layout_rooms, st_stairs_7, kennysheep_nub, uniq_grinder

Skill      XL: |  1  2  3 |
---------------+----------+-----
Unarmed Combat | 1 2 |  2.9
Dodging        | |  1.5
Stealth        | |  1.0
Spellcasting   | |  2.8
Conjurations   | |  0.6
Summonings     | |  0.6
Translocations | |  0.6

Action                   |  1- 3 |  4- 6 || total
-------------------------+-------+-------++-------
Melee: Unarmed           |    94 |    27 ||   121
  Use: Potion            |       |     2 ||     2
 Stab: Sleeping          |     3 |       ||     3
  Eat: Chunk             |    16 |     1 ||    17
Armor: Robe              |    49 |    10 ||    59
Dodge: Dodged            |    46 |     6 ||    52

Table legend:
 A = Non-vault XP
 B = Vault XP
 C = Vault XP percentage of total XP
 D = Non-vault monster count
 E = Vault monster count
 F = Vault count percentage of total count
                 A         B        C        D         E       F
            +---------+---------+-------+---------+---------+-------
      Total |     153 |       0 |   0.0 |      29 |       0 |   0.0
            +---------+---------+-------+---------+---------+-------
        D:1 |      23 |       0 |   0.0 |      12 |       0 |   0.0
        D:2 |      88 |       0 |   0.0 |      16 |       0 |   0.0
        D:4 |      42 |       0 |   0.0 |       1 |       0 |   0.0
            +---------+---------+-------+---------+---------+-------
